[Event "Championnat d'Europe de Blitz"]
[Date "2024.12.09"]
[White "Kuzubov, Yuriy"]
[Black "Magold, Filip"]
[WhiteElo "2595"]
[BlackElo "2428"]
[Round "3.34"]
[Result "0-1"]
[TimeControl "180+2"]

1. d4 d5 2. c4 c6 3. Nf3 Nf6 4. Nc3 dxc4 5. a4 Bf5 6. Nh4 e6 7.
Nxf5 exf5 8.
e3 Nbd7 9.
Bxc4 Bd6 10.
Qc2 g6 11.
f3 O-O 12.
O-O c5 13.
dxc5 Bxc5 14. Kh1 Ne5 15. Be2 Rc8 16. e4 fxe4 17. fxe4 Nfg4 18. Bxg4 Nxg4 19. Bf4 Qd4 20. h3 Ne3 21. Bxe3 Qxe3 22. Nd5 Qg3 23. Rf3 Qe5 24. Nf6+ Kg7 25. Ng4 Qe6 26. Qd2 f6 27. Raf1 Be7 28. Qe3 b6 29. e5 f5 30. Nf2 Bc5 31. Qe2 Bxf2 32. R3xf2 0-1

[Site "Europe Echecs"]

[Event "Championnat d'Europe de Blitz"]
[Date "2024.12.09"]
[White "Saraci, Nderim"]
[Black "Zhukovskyi, Myhaylo"]
[WhiteElo "2431"]
[BlackElo "2189"]
[Round "3.35"]
[Result "1/2-1/2"]
[TimeControl "180+2"]

1. Nf3 Nf6 2. b3 d5 3. Bb2 e6 4. c4 dxc4 5. bxc4 c5 6. g3 Nc6 7. Bg2 Be7 8. O-O O-O 9. d3 Rb8 10. Nbd2 b6 11. Ne5 Nxe5 12. Bxe5 Bd6 13. Bc3 Bb7 14. Nf3 Qc7 15. Bxf6 gxf6 16. a4 Bxf3 17.
Bxf3 Be5 18.
Ra2 f5 19.
a5 b5 20.
cxb5 Rxb5 21. a6 Ra5 22. Rxa5 Qxa5 23. Bb7 Rd8 24. Qc1 Bf6 25. Qe3 Qc3 26. Rc1 Qd4 27. Rxc5 Qxe3 28. fxe3 Rd7 29. Kf2 Kf8 30. Rc8+ Rd8 31. Rc7 Be5 32. Rc4 Ke7 33. Rh4 Rh8 34. Bf3 h6 35. Rb4 Rb8 36. Bb7 Rh8 37. h3 Rg8 38. g4 fxg4 39. hxg4 Bd6 40. Rc4 Rg5 41. Kf3 Rc5 42. Ra4 h5 43. gxh5 Rxh5 44. Rg4 Rh3+ 45. Kf2 Rh2+ 46. Bg2 Rh8 47.
d4 Rb8 48.
Bb7 Rh8 49.
e4 Rh2+ 50.
Ke3 e5 51.
d5 Rh3+ 52.
Kd2 Bb4+ 53.
Kd1 Rh1+ 54.
Kc2 Rh2 55.
Kd3 Rh3+ 56.
Kc4 Bd6 57.
Bc6 Re3 58.
Rh4 Rxe2 59.
Kd3 Ra2 60. Bb7 Ra3+ 61. Kc2 Ra2+ 62. Kb3 Re2 63. Kc3 Re3+ 64. Kd2 Ra3 65. Rh8 Ra4 66. Kd3 Rd4+ 67. Ke3 Bc5 68. Kf3 Rd3+ 69. Kg2 Rd2+ 70. Kg3 Rd3+ 71. Kg4 Re3 72. Kf5 Rf3+ 73. Kg4 Re3 74. Kf5 Rf3+ 75. Kg4 Re3 76. d6+ Kxd6 77.
Rd8+ Ke7 78.
Rc8 Bd4 79.
Bd5 Rc3 80.
Rh8 Kf6 81.
Rh7 Rc7 82.
Rh6+ Kg7 83.
Rd6 Kf8 84.
Kf5 Ke7 85.
Rf6 Ke8 86.
Bc6+ Ke7 87.
Rh6 Rc8 88. Bd5 Rc7 89. Rh7 Kd6 90. Bxf7 Kc5 91. Bg6 Rxh7 92. Bxh7 Kb6 93. Kg4 Kxa6 94. Kf3 Kb5 95. Ke2 Kb4 96. Kd2 Kb3 97. Kc1 a5 98. Kb1 a4 99. Bg8+ Kc3 100. Ka2 Kb4 101. Bh7 1/2-1/2

[Site "Europe Echecs"]

[Event "Championnat d'Europe de Blitz"]
[Date "2024.12.09"]
[White "Vyval, Volodymyr"]
[Black "Paichadze, Luka"]
[WhiteElo "2269"]
[BlackElo "2532"]
[Round "3.36"]
[Result "1-0"]
[TimeControl "180+2"]

1. e4 c6 2. d4 d5 3. e5 Bf5 4. Nd2 e6 5. Nb3 Nd7 6. Nf3 a6 7. Be2 c5 8. dxc5 Nxc5 9. Nfd4 Bg6 10. O-O Nd7 11. f4 Ne7 12. Be3 Rc8 13. c3 Nf5 14. Nxf5 Bxf5 15. Nd4 Be4 16. Bd3 Bxd3 17. Qxd3 g6 18. Rae1 Nc5 19. Qe2 Ne4 20. Nf3 Be7 21. Nd2 Nxd2 22.
Qxd2 O-O 23.
g4 Rc4 24.
Bd4 Bc5 25.
b3 Bxd4+ 26.
cxd4 Rc6 27.
f5 exf5 28.
gxf5 gxf5 29. Rxf5 Rg6+ 30. Kh1 Qh4 31. Qf2 Qg4 32. e6 Kh8 33. e7 Re8 34. Rxf7 Qg5 35. Rf8+ Rg8 36.
Rxe8 Rxe8 37. Qf8+ Qg8 38. Rf1 b5 39. Qxe8 1-0

[Site "Europe Echecs"]

[Event "Championnat d'Europe de Blitz"]
[Date "2024.12.09"]
[White "Bernadskiy, Vitaliy"]
[Black "Veljanoski, Andrej"]
[WhiteElo "2546"]
[BlackElo "2304"]
[Round "3.37"]
[Result "1-0"]
[TimeControl "180+2"]

1. d4 d5 2. Nf3 Nf6 3. Bf4 c5 4. e3 Nc6 5. Nbd2 cxd4 6. exd4 Bf5 7. c3 e6 8. Qb3 Qb6 9. Qxb6 axb6 10. Bb5 Nd7 11. Nh4 Bg6 12. Nxg6 hxg6 13. O-O Be7 14. Nf3 O-O 15. Rfe1 Rfc8 16. h4 Nf6 17. Ng5 Na5 18. a4 Nc4 19. Re2 Nd6 20. Bd3 Nh5 21. Bh2 Nf6 22. Ree1 Nc4 23. Rab1 Nd2 24. Rbd1 Nc4 25. Re2 Nd6 26. Bxd6 Bxd6 27. Bb5 Bf4 28. Nf3 Bd6 29. g3 Be7 30. Ne5 Ne4 31. Nd7 Bd8 32. c4 Nd6 33. cxd5 Nxb5 34. axb5 exd5 35. Re8+ Kh7 36. Nf8+ Kh6 37. Nd7 Bf6 38. Rxc8 Rxc8 39. Nxb6 Rc2 40. Nxd5 Bd8 41. Re1 Rxb2 42. Re8 Rxb5 43.
Rh8# 1-0

[Site "Europe Echecs"]

[Event "Championnat d'Europe de Blitz"]
[Date "2024.12.09"]
[White "Pancevski, Filip"]
[Black "Kiratzopoulos, Efthimios"]
[WhiteElo "2420"]
[BlackElo "2193"]
[Round "3.38"]
[Result "1-0"]
[TimeControl "180+2"]

1. e4 d6 2.
d4 g6 3. Nc3 Bg7 4. Be3 c6 5. a4 Nf6 6. h3 O-O 7. g4 Nfd7 8. Bg2 Nb6 9. Nge2 f5 10. gxf5 gxf5 11. Qd3 Be6 12. b3 Na6 13. a5 Nd7 14. Rg1 Kh8 15. Qd2 Nf6 16. e5 dxe5 17. dxe5 Nd5 18. Bxd5 Bxd5 19. Nxd5 Qxd5 20. Qxd5 cxd5 21. f4 Nb4 22. Kd2 Rfc8 23. Nd4 Nc6 24. Nxf5 Bf8 25. e6 Rd8 26. c3 d4 27. Bxd4+ Nxd4 28. cxd4 Rd5 29. Rg5 Bh6 30. Nxh6 Rxd4+ 31. Ke3 Rad8 32. Nf7# 1-0

[Site "Europe Echecs"]

[Event "Championnat d'Europe de Blitz"]
[Date "2024.12.09"]
[White "Yuste Valenzuela, Alejandro"]
[Black "Gavrilescu, David"]
[WhiteElo "2150"]
[BlackElo "2549"]
[Round "3.39"]
[Result "0-1"]
[TimeControl "180+2"]

1. e4 c5 2.
Nf3 a6 3. d4 cxd4 4. Nxd4 Nf6 5. Nc3 e5 6. Nb3 Bb4 7. Bd3 d6 8. O-O Bxc3 9. bxc3 O-O 10. c4 Qc7 11. Kh1 Be6 12. Bg5 Nbd7 13. Nd2 h6 14. Bh4 Rac8 15. Rb1 g5 16. Bg3 Nb6 17. Qe2 Nxc4 18. Nxc4 Bxc4 19. Bxc4 Qxc4 20.
Qxc4 Rxc4 21. f3 b5 22. Rfd1 Ne8 23. Rd2 f5 24. exf5 Rxf5 25. Rb3 Kf7 26. Kg1 Ke6 27. Ra3 Rc6 28. Rb3 h5 29. h4 Rc4 30. Ra3 gxh4 31. Bf2 Nc7 32.
Bb6 Nd5 33.
Bf2 Nb4 34.
c3 Nd5 35.
Rxa6 h3 36.
Ra5 Nxc3 37.
Ra6 Nd5 38.
Ra5 hxg2 39.
Kxg2 Nf4+ 40. Kh2 Rc3 41. Rxb5 Rxf3 42. Rb6 Nd5 43. Rb5 Rxf2+ 0-1

[Site "Europe Echecs"]

[Event "Championnat d'Europe de Blitz"]
[Date "2024.12.09"]
[White "Ribeiro, Rodrigo"]
[Black "Samunenkov, Ihor"]
[WhiteElo "2143"]
[BlackElo "2543"]
[Round "3.40"]
[Result "1/2-1/2"]
[TimeControl "180+2"]

1. d4 d5 2.
c4 e6 3. Nf3 Nf6 4. Nc3 a6 5. cxd5 exd5 6. Bg5 Be6 7. e3 Nbd7 8. Bd3 Bd6 9. O-O c6 10. Rb1 a5 11. Qc2 Qb8 12. Bh4 Bg4 13. Bg3 Bxg3 14. hxg3 O-O 15. Na4 Re8 16. Nc5 Nxc5 17. Qxc5 Ne4 18. Bxe4 dxe4 19. Ne5 Be6 20. b3 Qd8 21. a3 h5 22. b4 axb4 23. Rxb4 Ra5 24. Qb6 Qxb6 25. Rxb6 f6 26. Ng6 Bc4 27. Rc1 Ba6 28. Rc3 Kh7 29. Nf4 Kh6 30.
Rbb3 g5 31.
Nh3 Kg6 32.
f3 Bb5 33.
Nf2 exf3 34.
gxf3 f5 35. Nd3 Bxd3 36. Rxd3 Re7 37. Kf2 g4 38. Rb6 Kg7 39. Rdb3 Ra7 40. a4 Rxa4 41. Rxb7 Ra2+ 42. Rb2 Rxb7 43. Rxa2 Kf6 44. Rc2 Rb6 45. e4 fxe4 46. fxe4 Kg6 47. Rc3 Kg5 48. Ke3 Ra6 49. Rc5+ Kh6 50. Kf4 Rb6 51.
Re5 Rb4 52. Re6+ Kg7 53. Rd6 Rc4 54. Kg5 c5 55. dxc5 Rxc5+ 56. Rd5 Rc3 57. Rd7+ Kf8 58. Kxh5 Rxg3 59. e5 Re3 60. Kxg4 1/2-1/2

[Site "Europe Echecs"]

[Event "Championnat d'Europe de Blitz"]
[Date "2024.12.09"]
[White "Grigoriants, Sergey"]
[Black "Goraj, Barbara"]
[WhiteElo "2542"]
[BlackElo "2178"]
[Round "3.41"]
[Result "1-0"]
[TimeControl "180+2"]

1. d4 d5 2.
c4 e6 3. Nc3 Nf6 4. Nf3 c5 5. cxd5 Nxd5 6. e3 Nxc3 7. bxc3 cxd4 8. cxd4 Bb4+ 9. Bd2 Bxd2+ 10.
Qxd2 O-O 11.
Bd3 Nd7 12.
O-O b6 13.
Be4 Rb8 14.
Rfc1 Nf6 15.
Bc6 Bb7 16.
Ne5 Qd6 17.
h3 Rfd8 18.
Qe2 Nd5 19.
Qh5 g6 20.
Qf3 f5 21.
Bxb7 Rxb7 22. Rc6 Qe7 23. Rac1 b5 24. Ra6 Qe8 25. h4 Rc8 26. Rac6 Rxc6 27. Rxc6 Rc7 28. Rxc7 Nxc7 29. Qb7 Qd8 30. Qxa7 Qd6 31. Qb8+ Kg7 32. Qb7 Kf6 33. Qa7 b4 34. Qb8 Kg7 35. Qc8 Nd5 36. Qb7+ Nc7 37. Nd3 Kf6 38. Qxb4 Qd8 39. Nc5 Qa8 40. Qb3 Nd5 41. Nd7+ Ke7 42. Ne5 Qa5 43. Qb7+ Nc7 44. Kh2 Kd6 45. Qc6+ Ke7 46. Qd7+ Kf8 47. Qf7# 1-0

[Site "Europe Echecs"]

[Event "Championnat d'Europe de Blitz"]
[Date "2024.12.09"]
[White "Afonso, Joao Pedro"]
[Black "Navara, David"]
[WhiteElo "2112"]
[BlackElo "2665"]
[Round "3.42"]
[Result "0-1"]
[TimeControl "180+2"]

1. e4 c5 2. Nf3 d6 3. c3 Nf6 4. h3 Nc6 5. d4 cxd4 6. cxd4 Nxe4 7. d5 Qa5+ 8. Nc3 Nxc3 9. bxc3 Ne5 10. Nxe5 Qxc3+ 11. Bd2 Qxe5+ 12. Be2 Qxd5 13. O-O e5 14. Bf3 Qe6 15. Rb1 Be7 16. Bxb7 Bxb7 17. Rxb7 O-O 18. Qa4 d5 19. Qd7 Bc5 20. Rc1 Bb6 21. Bb4 Qxd7 22. Rxd7 Rfd8 23. Re7 Re8 24. Rd7 Rad8 25. Rxd8 Rxd8 26. Kf1 f6 27. Ke2 Kf7 28. a4 Ke6 29. a5 Bd4 30. Rc6+ Kd7 31. Rd6+ Kc7 32. Re6 Rd7 33. f3 h5 34. Kd3 Kb7 35. a6+ Kc7 36. Ba5+ Bb6 37. Bb4 h4 38. Re8 Kc6 39. Bf8 Kb5 40. Re7 Rxe7 41. Bxe7 f5 42. Bf8 e4+ 43. fxe4 fxe4+ 44. Ke2 g6 45. Be7 d4 46. Bxh4 d3+ 47. Kd1 e3 48. Be1 Kxa6 49. g4 g5 50. h4 gxh4 51. Bxh4 Ba5 52. g5 e2+ 53. Kc1 d2+ 0-1

[Site "Europe Echecs"]

[Event "Championnat d'Europe de Blitz"]
[Date "2024.12.09"]
[White "Sargissian, Gabriel"]
[Black "Bogoevski, Jani"]
[WhiteElo "2628"]
[BlackElo "2144"]
[Round "3.43"]
[Result "1-0"]
[TimeControl "180+2"]

1. Nf3 Nf6 2. g3 d5 3.
Bg2 e6 4.
O-O Be7 5.
c4 O-O 6. b3 Nbd7 7. Bb2 c6 8. d4 b5 9. c5 Ne4 10. Qc2 f5 11. Nbd2 a5 12. Ne1 Bg5 13. Ndf3 Bf6 14. Nd3 g6 15. Nfe5 Qc7 16. Nxd7 Bxd7 17. Ne5 Be8 18. Rad1 Ng5 19. h4 Nf7 20. Nf3 e5 21. dxe5 Nxe5 22. Nxe5 Bxe5 23. e3 Qg7 24. Bxe5 Qxe5 25. Rd4 Ra7 26. a3 Raf7 27. Qd2 Qc7 28. Rd3 Re7 29. Qc3 Bf7 30. h5 Ra8 31. Qf6 Re6 32. Qg5 Qe7 33. Qxe7 Rxe7 34. Rd4 Kg7 35. Bf3 g5 36. g4 Be6 37. gxf5 Bxf5 38.
Kg2 h6 39.
Kg3 Rae8 40.
Rc1 Kf6 41.
Bg2 Be4 42.
Bh3 Bf5 43.
Bg2 Be4 44.
Bf1 Bf5 45.
Be2 Re4 46. Rcd1 R4e5 47. Ra1 Re4 48. Rad1 R4e5 49. R1d2 R5e7 50. Bf3 Be4 51. Bg4 Bf5 52. Bd1 Re5 53. Bf3 R5e7 54. Ra2 Re5 55. b4 a4 56. Rad2 R5e7 57. Rd1 Re5 58.
Rg1 R8e7 59.
Rgd1 Re8 60. Rc1 R8e7 61. Rh1 Re8 62. Kg2 Be4 63. Kg3 R5e7 64. Rhd1 Bf5 65. Kg2 Re5 66. Kf1 Be4 67. Ke2 Bf5 68. Rg1 Be4 69. Rg3 Bf5 70. Kd2 R8e7 71. Bd1 Be4 72. f3 Bf5 73. f4 gxf4 74. Rxf4 Re4 75. Rg6+ Ke5 76. Rxe4+ Bxe4 77. Rxc6 Rg7 78. Rxh6 d4 79. exd4+ Kxd4 80. Rd6+ Kc4 81. Ke3 Bb1 82.
h6 Rg3+ 83. Kf4 Rh3 84. c6 Rh4 85. Kg5 Re4 86. c7 Re5+ 87. Kf6 Rf5+ 88. Ke7 Re5+ 89. Re6 1-0

[Site "Europe Echecs"]

[Event "Championnat d'Europe de Blitz"]
[Date "2024.12.09"]
[White "Ghimpu, Samuel-Timotei"]
[Black "Djukic, Nikola"]
[WhiteElo "2475"]
[BlackElo "2493"]
[Round "3.44"]
[Result "1/2-1/2"]
[TimeControl "180+2"]

1. d4 Nf6 2.
Nf3 g6 3.
Nbd2 c5 4.
dxc5 Qa5 5.
a3 Qxc5 6.
b4 Qc7 7.
Bb2 Bg7 8. c4 O-O 9. e3 b6 10. Be2 Bb7 11. O-O d6 12. Qb3 Nbd7 13. h3 Rac8 14. Rac1 Qb8 15. Rfd1 a6 16. Qa2 Qa8 17. Bf1 Rfd8 18. Nd4 d5 19. Qa1 dxc4 20. Nxc4 b5 21. Na5 Bd5 22. a4 bxa4 23. Qxa4 Nb6 24. Qa1 Ne8 25. Ndc6 Bxb2 26. Qxb2 Bxc6 27. Rxd8 Rxd8 28. Nxc6 Rd7 29. Qe5 e6 30. Qa5 Nd5 31. Qxa6 Qxa6 32. Bxa6 Rc7 33. b5 Nd6 34. Rb1 Nb6 35. Rd1 Ndc4 36. Rd8+ Kg7 37. e4 Kf6 38. f4 h6 39. Kf2 g5 40. g3 gxf4 41.
gxf4 e5 42.
Nxe5 Nxe5 43. Rd6+ Ke7 44. Rxb6 Rc2+ 45. Kg3 Rc3+ 46. Kg2 Ng6 47. f5 Nf4+ 48. Kf1 Rxh3 49. e5 Re3 50. Rb7+ Ke8 51. b6 Rb3 52. Rb8+ Kd7 53. b7 Nd5 54.
Rc8 Ne3+ 55.
Ke1 Nxf5 56.
b8=Q Rxb8 57. Rxb8 Nd4 58. Bc4 Nf3+ 59. Kf2 Nxe5 60. Bb3 Ke7 61.
Ke3 Kf6 62. Rb6+ Kg5 63. Ke4 f6 64. Rb8 Ng4 65. Rg8+ Kh4 66. Kf5 h5 67. Ba2 Nh6+ 68.
Kxf6 Nxg8+ 69. Kf5 Nh6+ 70. Kf4 Kh3 71. Be6+ Kh4 72. Ke4 1/2-1/2

[Site "Europe Echecs"]

[Event "Championnat d'Europe de Blitz"]
[Date "2024.12.09"]
[White "Kozul, Zdenko"]
[Black "Kesidis, Odyseas"]
[WhiteElo "2519"]
[BlackElo "2241"]
[Round "3.45"]
[Result "1-0"]
[TimeControl "180+2"]

1. d4 Nf6 2. Nf3 g6 3. c4 Bg7 4. Nc3 O-O 5. e4 d6 6. Be2 e5 7. O-O Nc6 8. d5 Ne7 9. Ne1 Nd7 10. Nd3 f5 11. Bd2 Nf6 12. f3 f4 13. c5 g5 14. cxd6 cxd6 15. Nf2 Ng6 16. Qc2 Rf7 17. Rfc1 h5 18. Nb5 Ne8 19. a4 Bf8 20. a5 Rg7 21. h3 Nh4 22. Be1 a6 23. Na3 Nf6 24. Nc4 g4 25. fxg4 hxg4 26. hxg4 Nxg4 27. Bxg4 Bxg4 28. Nxg4 Rxg4 29. Bxh4 Qxh4 30. Ra3 Rc8 31. Qe2 Qg5 32. Rc2 Be7 33. Rac3 Rf8 34. Nd2 Kf7 35. Nf3 Qh5 36. Nh2 Rg5 37. Qxh5+ Rxh5 38. Nf3 Bd8 39. b4 Rfh8 40. Rc8 Ke7 41. Rb8 Rh1+ 42. Kf2 Rb1 43. Rxb7+ Kf6 44. Ke2 Rhh1 45. Kd3 Rhd1+ 46. Kc4 Rf1 47. Rb6 Be7 48. Rxa6 Ra1 49. Ra8 Rfb1 50. Kb5 Ra3 51. Ra7 Rab3 52. Rc4 R3b2 53.
a6 Rxg2 54. Rd7 Rg3 55. a7 Ra1 56. Rcc7 Rxf3 57. Rxe7 Rfa3 58. Re6+ Kg5 59. Rxd6 f3 60. Rf7 Rxa7 61. Rdf6 Rxf7 62. Rxf7 Kg4 63. d6 Rd1 64. Kc6 Kg3 65. d7 f2 66. b5 Kg2 67. b6 Rc1+ 68. Kd6 f1=Q 69.
Rxf1 Rxf1 70. d8=Q Rd1+ 71. Ke7 Rxd8 72. Kxd8 Kf3 73. b7 Kxe4 74. b8=Q 1-0

[Site "Europe Echecs"]

[Event "Championnat d'Europe de Blitz"]
[Date "2024.12.09"]
[White "Redzisz, Michal"]
[Black "Beerdsen, Thomas"]
[WhiteElo "2263"]
[BlackElo "2502"]
[Round "3.46"]
[Result "0-1"]
[TimeControl "180+2"]

1. e4 e5 2. Nf3 Nc6 3. Bc4 Nf6 4. d3 h6 5. c3 d6 6. Bb3 g5 7. Be3 Qe7 8. Nbd2 Be6 9. Qc2 d5 10. exd5 Nxd5 11. Nf1 f5 12. O-O-O O-O-O 13. Ba4 Ndb4 14. cxb4 Nxb4 15. Qe2 f4 16. Bxa7 Nxa2+ 17. Kb1 Qb4 18. Qxe5 Nc3+ 19. Qxc3 Qxa4 20. Bc5 Qxd1+ 0-1

[Site "Europe Echecs"]

[Event "Championnat d'Europe de Blitz"]
[Date "2024.12.09"]
[White "Iskos, Alexandros"]
[Black "Schneider, Ilja"]
[WhiteElo "2132"]
[BlackElo "2414"]
[Round "3.47"]
[Result "0-1"]
[TimeControl "180+2"]

1. d4 Nf6 2. Nc3 d5 3. Bf4 g6 4. e3 Bg7 5. h4 h5 6. Bd3 O-O 7. Nh3 c5 8. dxc5 Qa5 9. Ng5 Nc6 10. O-O e5 11. Bg3 Qxc5 12. a3 Bg4 13. Be2 Rad8 14. Bxg4 Nxg4 15. Qe2 Rfe8 16. Rad1 Nd4 17. exd4 exd4 18. Qf3 f6 19. Ne2 fxg5 20. hxg5 Qxc2 21. Nxd4 Qxb2 22.
Qd3 Qxd4 23.
Qxd4 Bxd4 24. Rxd4 Re4 25. Re1 0-1

[Site "Europe Echecs"]

[Event "Championnat d'Europe de Blitz"]
[Date "2024.12.09"]
[White "Pezelj, Sinisa"]
[Black "Zlatkov, Anton"]
[WhiteElo "2201"]
[BlackElo "2324"]
[Round "3.48"]
[Result "0-1"]
[TimeControl "180+2"]

1. Nf3 Nf6 2. g3 g6 3. Bg2 Bg7 4. c4 O-O 5.
Nc3 d6 6. d4 Nbd7 7. O-O e5 8. e3 Re8 9. b3 Nf8 10. Bb2 e4 11. Nd2 Bf5 12. d5 h5 13. h3 Qd7 14. Kh2 N8h7 15. h4 g5 16. f3 gxh4 17. gxh4 exf3 18. Qxf3 Ng4+ 19. Kh1 Nxe3 20. Rg1 Bg4 21. Qf2 Nc2 22. Rac1 Bd4 23. Qg3 Bxg1 24.
Rxg1 Ne3 25.
Nce4 Nxg2 26. Rxg2 Qf5 27. Rf2 Qg6 28. Nf6+ Nxf6 29. Rxf6 Qc2 30. Qc3 Re1+ 31. Kg2 Re2+ 32. Kg3 Qxc3+ 33. Bxc3 Re3+ 34. Kf4 Rxc3 35. Ne4 Rc1 36. Kg5 Re8 37.
Rf4 Re5+ 38.
Kh6 f5 39.
Nf6+ Kf7 40.
Nd7 Re7 0-1

[Site "Europe Echecs"]

[Event "Championnat d'Europe de Blitz"]
[Date "2024.12.09"]
[White "Tudor, Henry Edward"]
[Black "Diermair, Andreas"]
[WhiteElo "2375"]
[BlackElo "2433"]
[Round "3.49"]
[Result "0-1"]
[TimeControl "180+2"]

1. d4 Nf6 2.
c4 e6 3. Nc3 Bb4 4. e3 c5 5. Nge2 d5 6. a3 Ba5 7. dxc5 dxc4 8. Bd2 Nbd7 9. Qa4 O-O 10. Nd4 e5 11. Nf3 Nxc5 12. Qxc4 Bb6 13. Rd1 Be6 14. Qh4 Bb3 15. Rc1 Re8 16. Qb4 Rc8 17. a4 a5 18. Qa3 Nd5 19. Bb5 Nb4 20. O-O Re6 21. Qa1 h5 22. Qb1 e4 23. Nd4 Re5 24. Nxe4 Bd5 25. Nxc5 Bxc5 26. Bxb4 axb4 27. Be2 Bxd4 28.
Rxc8 Qxc8 29. Bxh5 Rxh5 30. exd4 Bxg2 31. Re1 Bc6 32. Re3 Rg5+ 33. Rg3 Rxg3+ 34. hxg3 Qh3 35. Qf1 Qh1# 0-1

[Site "Europe Echecs"]

[Event "Championnat d'Europe de Blitz"]
[Date "2024.12.09"]
[White "Safarli, Eltaj"]
[Black "Nikolaev, Georgi"]
[WhiteElo "2610"]
[BlackElo "2032"]
[Round "3.50"]
[Result "1-0"]
[TimeControl "180+2"]

1. e4 e5 2. Nf3 Nc6 3. Bb5 a6 4. Ba4 Nf6 5. Nc3 b5 6. Bb3 Bc5 7. a4 Rb8 8. axb5 axb5 9. d3 h6 10. O-O d6 11. Nd5 O-O 12. Be3 Bxe3 13. Nxf6+ Qxf6 14. fxe3 Qe7 15. Qe1 Be6 16. Nh4 Bxb3 17. Nf5 Qg5 18. cxb3 Ne7 19. Nh4 f5 20. Nf3 Qg6 21. exf5 Nxf5 22. e4 Nd4 23. Nxd4 exd4 24. Qh4 c5 25. Qe7 Rbe8 26. Qb7 b4 27. Qd5+ Qe6 28. Rxf8+ Kxf8 29. Qh5 Kg8 30. Rf1 Rf8 31. Rxf8+ Kxf8 32. Qf5+ Ke7 33. Qh7 Qf6 34. g3 Qg5 35. Kg2 Qd2+ 36. Kh3 Qg5 37. Qf5 Qd2 38. Qg6 Qxb2 39. Qxg7+ Kd8 40. Qxh6 Kc7 41. Qg7+ Kc6 42. Qf7 Qb1 43. Qd5+ Kc7 44. Qf7+ Kc6 45. Qd5+ Kc7 46. e5 Qxd3 47. Qxd6+ Kb7 48. Qd5+ Kb6 49. e6 Qf1+ 50. Kg4 Qe2+ 51. Kf5 d3 52. Qd6+ Kb5 53. Qb8+ Ka5 54. Qa7+ Kb5 55.
Qd7+ Ka5 56.
e7 d2 57.
e8=Q Qxe8 58. Qxe8 d1=Q 59. Qa8+ Kb5 60. Qb7+ Ka5 61. Qc7+ Kb5 62. Qb8+ Ka5 63.
Qg8 Qf3 64.
Ke5 Qe2 65.
Kd6 Qxh2 66.
Kxc5 Qc2 67.
Qc4 Qf2 68.
Kd6 Qxg3+ 69. Kd7 Qc3 70. Ke6 1-0

[Site "Europe Echecs"]

[Event "Championnat d'Europe de Blitz"]
[Date "2024.12.09"]
[White "Balinski, Damian"]
[Black "Lagarde, Maxime"]
[WhiteElo "2203"]
[BlackElo "2600"]
[Round "3.51"]
[Result "0-1"]
[TimeControl "180+2"]

1. c4 f5 2. g3 Nf6 3. Bg2 g6 4. Nh3 Bg7 5. d4 d6 6. Nf4 e5 7. dxe5 dxe5 8. Qxd8+ Kxd8 9. Nd5 c6 10. Nxf6 Bxf6 11. e4 Na6 12. Nc3 Be6 13. b3 Nb4 14. O-O Kc7 15. Bb2 Rad8 16. Rad1 Nc2 17. Rxd8 Rxd8 18. Rd1 Nd4 19. Kf1 a6 20. Ne2 b5 21. Bxd4 exd4 22. Nf4 Bf7 23. cxb5 axb5 24. exf5 gxf5 25. Bh3 c5 26. Bxf5 Kb6 27. h4 h6 28. Kg2 c4 29. bxc4 bxc4 30. f3 Be5 31. Ne2 d3 32. Nc1 d2 33. Ne2 c3 34. Bc2 Bxa2 35. f4 Bg7 36. g4 Bc4 37. Kf3 Re8 38. Ng3 Bd5+ 39. Kf2 Bd4+ 40. Kf1 Bc4+ 41. Kg2 Re1 42. f5 Bd5+ 43. Kh3 Bf3 0-1

[Site "Europe Echecs"]

[Event "Championnat d'Europe de Blitz"]
[Date "2024.12.09"]
[White "Velickovski-Nejkovic, Maja"]
[Black "Kalezic, Blazo"]
[WhiteElo "1959"]
[BlackElo "2382"]
[Round "3.53"]
[Result "0-1"]
[TimeControl "180+2"]

1. c4 e5 2.
Nc3 Nc6 3.
Nf3 f5 4. d3 Nf6 5. g3 Bb4 6. Bd2 O-O 7. Bg2 e4 8. dxe4 fxe4 9. Ng5 Bxc3 10. Bxc3 e3 11. Bxf6 exf2+ 12. Kf1 Qxf6 13.
Qd5+ Kh8 14.
h4 d6 15.
Rd1 Ne5 16.
Qe4 Bf5 17.
Qd4 Rae8 18.
e4 Bg4 19.
Rd2 c5 20.
Qc3 h6 21.
Qe3 Nxc4 22.
Qd3 Nxd2+ 23. Qxd2 Qe5 24. Qe3 Qxb2 25. Nf3 Bxf3 26. Bxf3 Qb1+ 27. Kxf2 Qxh1 0-1

[Site "Europe Echecs"]

[Event "Championnat d'Europe de Blitz"]
[Date "2024.12.09"]
[White "Guliyev, Namig"]
[Black "Vuckovic, Robert"]
[WhiteElo "2484"]
[BlackElo "1963"]
[Round "3.54"]
[Result "1-0"]
[TimeControl "180+2"]

1. e4 c5 2.
Nf3 e6 3. d4 cxd4 4. Nxd4 Nf6 5. Nc3 Nc6 6. a3 d5 7. Bb5 Bd7 8. exd5 Nxd5 9. Nxd5 exd5 10. O-O Be7 11. Be3 O-O 12. Be2 Bf6 13. c3 Re8 14. Re1 Ne5 15. Qb3 Bc6 16. Rad1 Qc8 17. Nxc6 bxc6 18. Qc2 Ng4 19. Bc5 Be5 20. Bxg4 Qxg4 21. Re3 Bf4 22. h3 Qg5 23.
Rxe8+ Rxe8 24. Bxa7 h6 25. Bc5 Re6 26. Qd3 Qh5 27. Qf3 Qxf3 28. gxf3 Re2 29. Rb1 Rc2 30. a4 Bc7 31. Bd4 Kh7 32. b4 Ra2 33. a5 g5 34. Re1 Bd6 35. Re8 Rd2 36. Rc8 Bxb4 37. cxb4 Rxd4 38. a6 Rd1+ 39. Kg2 Ra1 40. Rxc6 d4 41. b5 d3 42. Rd6 Ra3 43. Rd7 Kg6 44. a7 Kf6 45. b6 Ke6 46. Rxd3 1-0

[Site "Europe Echecs"]

[Event "Championnat d'Europe de Blitz"]
[Date "2024.12.09"]
[White "Koelle, Tobias"]
[Black "Sarana, Alexey"]
[WhiteElo "2437"]
[BlackElo "2674"]
[Round "4.1"]
[Result "1/2-1/2"]
[TimeControl "180+2"]

1. d4 Nf6 2. c4 e6 3. Nf3 d5 4. Nc3 Nbd7 5. Bf4 Bb4 6.
cxd5 exd5 7. e3 O-O 8. Bd3 c5 9. dxc5 Nxc5 10. O-O Bg4 11. Be2 Bxc3 12. bxc3 Nfe4 13. Be5 Rc8 14. h3 Bxf3 15. Bxf3 Re8 16. Bd4 b6 17. a4 Ne6 18. Bxe4 dxe4 19. a5 Rc6 20. axb6 axb6 21. Qb3 Ng5 22. Ra7 Rg6 23. Kh1 Qc8 24. Rfa1 h6 25. Qd5 Qc6 26. Qxc6 Rxc6 27. Rb7 Ne6 28. Raa7 Nxd4 29. cxd4 Rf6 30. Kg1 Rc8 31.
Rc7 Rb8 32.
Rab7 Ra8 33. Rc2 Ra1+ 34. Kh2 Rf1 35. Kg3 Rg6+ 36. Kh2 Rf6 37. Kg3 Rg1 38. Kh2 Rf1 39. Kg3 Rg1 40. Kh2 1/2-1/2

[Site "Europe Echecs"]

[Event "Championnat d'Europe de Blitz"]
[Date "2024.12.09"]
[White "Pichot, Alan"]
[Black "Fedoseev, Vladimir"]
[WhiteElo "2637"]
[BlackElo "2709"]
[Round "4.2"]
[Result "1-0"]
[TimeControl "180+2"]

1. e4 e5 2.
Nf3 Nf6 3.
d4 Nxe4 4.
dxe5 d5 5.
Nbd2 Qd7 6. Bd3 Nc5 7. Be2 Ne6 8. O-O Be7 9. Re1 O-O 10. Nf1 c5 11. Bd3 Nc6 12. c3 Rd8 13. h4 c4 14. Bf5 Qe8 15. Ng3 d4 16. Bxe6 dxc3 17. Bxf7+ Qxf7 18. Qe2 cxb2 19.
Bxb2 Be6 20.
Ne4 Qg6 21.
Nfg5 Nd4 22.
Bxd4 Bxg5 23. Nxg5 Rxd4 24. Rad1 Rxh4 25. Nxe6 Qh6 26. f4 Rh1+ 27. Kf2 Rxe1 28.
Qxc4 Re4 29.
Qxe4 Qxe6 30. Qxb7 Qxa2+ 31. Kg3 Qa3+ 32. Kh2 Re8 33. Rd7 Qf8 34. Qd5+ Kh8 35. Rf7 Qb4 36. e6 Qe1 37. Qg5 Rg8 38. e7 h6 39. Qg4 a5 40. f5 Qe5+ 41. Kh3 a4 42. f6 h5 43. Qg6 Qe6+ 44. Kh4 Qe1+ 45. Kh3 Qh1+ 46. Kg3 Qe1+ 47. Kf3 Qf1+ 48. Ke3 Qe1+ 49. Kd4 Qd2+ 50. Qd3 Qb2+ 51. Kc5 Rc8+ 52. Kd6 Qb6+ 53. Ke5 Qc5+ 54. Kf4 Qb4+ 55. Kf3 Qg4+ 56. Kf2 Qf4+ 57. Ke2 Qe5+ 58. Kf3 Kg8 59. Rxg7+ 1-0

[Site "Europe Echecs"]

[Event "Championnat d'Europe de Blitz"]
[Date "2024.12.09"]
[White "Korobov, Anton"]
[Black "Livaic, Leon"]
[WhiteElo "2629"]
[BlackElo "2560"]
[Round "4.3"]
[Result "1-0"]
[TimeControl "180+2"]

1. e4 d6 2.
d4 Nf6 3.
Nc3 e5 4.
Nf3 Nbd7 5.
a4 Be7 6.
dxe5 dxe5 7.
h3 a5 8. Be3 c6 9. Bc4 O-O 10. O-O Qc7 11. Nh4 Bc5 12. Nf5 Bxe3 13.
fxe3 Nc5 14.
Nh6+ Kh8 15. Rxf6 gxf6 16. Qh5 Be6 17. Qh4 Qe7 18. Be2 Rae8 19. Rf1 f5 20. Qxe7 Rxe7 21. exf5 Bd5 22. f6 Re6 23. g4 e4 24. g5 Re5 25. h4 Be6 26. Kh2 Rd8 27. Kg3 Nd7 28. Bg4 Rf8 29. Rd1 Nb6 30. Kf4 Rc5 31. Bxe6 fxe6 32. Nxe4 Rxc2 33. Nd6 Nd5+ 34. Ke5 Nxe3 35. Ndf7+ Rxf7 36. Rd8+ Rf8 37. Rxf8# 1-0

[Site "Europe Echecs"]

[Event "Championnat d'Europe de Blitz"]
[Date "2024.12.09"]
[White "Subelj, Jan"]
[Black "Mamedov, Rauf"]
[WhiteElo "2526"]
[BlackElo "2656"]
[Round "4.4"]
[Result "1/2-1/2"]
[TimeControl "180+2"]

1. Nf3 c5 2.
e4 Nc6 3.
Bb5 Nf6 4. Bxc6 dxc6 5. d3 Qc7 6. O-O g6 7. a4 Bg7 8. a5 O-O 9. Nbd2 Nd7 10. Nc4 Rb8 11. Bg5 Re8 12. Qd2 b5 13. axb6 axb6 14. Bh6 Bh8 15. c3 b5 16. Ne3 Nf8 17. d4 Rd8 18. Qc2 b4 19. Rfd1 bxc3 20. bxc3 cxd4 21. cxd4 Ne6 22. Rac1 Nxd4 23. Nxd4 Rxd4 24. Nd5 Qd8 25. Qxc6 Bb7 26. Qc5 Rxd1+ 27. Rxd1 Bxd5 28. exd5 Rc8 29. Qe3 Bf6 30. h3 Qd7 31. Qe4 Bg7 32. Bxg7 Kxg7 33. Re1 Rd8 34. Qxe7 Qxe7 35. Rxe7 1/2-1/2

[Site "Europe Echecs"]